Map: King's Cove LE

Players

llllllllllll - Winner!

  • Race: Terran Terran
  • League: Master
  • Spawn Location: 5:00

Miszu

  • Race: Zerg Zerg
  • League: Master
  • Spawn Location: 11:00

VOD

Have the link to the VOD?

Description

Time

  • Played on: Feb. 3, 2019, 7:08 p.m.
  • Length: 11:44
Show
View Real Time Build Order
Export as new Build Order

llllllllllll Terran - Winner!

Build Orders: Liberator Opening, Reaper Expand 

Get SALT Encoding   

  12  0:00  SCV  
  13  0:12  SCV  
  14  0:18  Supply Depot  
  14  0:25  SCV  
  15  0:39  SCV  
  15  0:40  Barracks  
  16  0:45  Refinery  
  16  0:51  SCV  
  17  1:03  SCV  
  18  1:16  SCV  
  19  1:28  Reaper  
  19  1:29  Orbital Command  
  20  1:46  Command Center  
  20  1:54  Supply Depot  
  20  1:58  SCV  
  20  2:00  Marine  
  22  2:10  SCV  
  22  2:12  Factory  
  23  2:22  Barracks Reactor, SCV  
  24  2:34  SCV  
  25  2:46  SCV  
  25  2:50  Command Center  
  26  2:58  SCV  
  27  2:59  Orbital Command  
  27  3:07  Barracks Tech Lab  
  27  3:08  Hellion  
  27  3:10  SCV  
  30  3:13  Hellion  
  32  3:22  SCV  
  32  3:25  Starport  
  32  3:26  SCV  
  34  3:30  Refinery  
  34  3:34  Hellion  
  34  3:37  Barracks Tech Lab  
  34  3:40  Hellion  
  38  3:41  SCV  
  38  3:42  SCV  
  40  3:53  SCV  
  40  3:54  SCV  
  42  3:57  Hellion  
  42  3:58  Liberator, Marine  
  45  4:04  Supply Depot, Hellion  
  45  4:06  SCV  
  45  4:07  Orbital Command  
  50  4:17  Marine, SCV  
  52  4:25  Hellion x2, SCV  
  52  4:28  Supply Depot  
  57  4:35  Armory, SCV  
  57  4:37  SCV  
  59  4:42  Marine, SCV  
  61  4:48  Stimpack  
  61  4:50  SCV  
  61  4:51  Supply Depot  
  62  4:56  SCV  
  62  4:58  SCV  
  64  5:01  Starport Reactor  
  64  5:03  Barracks x2  
  64  5:05  SCV  
  65  5:07  Marine  
  65  5:08  Refinery x2  
  65  5:12  Orbital Command  
  66  5:15  Siege Tank  
  66  5:16  SCV  
  71  5:24  SCV  
  71  5:27  Marine  
  71  5:28  SCV  
  73  5:29  Supply Depot  
  73  5:31  Engineering Bay  
  73  5:32  Supply Depot, Engineering Bay  
  73  5:36  SCV  
  73  5:40  SCV  
  73  5:41  SCV  
  76  5:46  Starport Reactor  
  76  5:47  Siege Tank  
  76  5:48  SCV  
  80  5:52  SCV  
  80  5:53  SCV  
  80  5:55  Marine  
  69  5:58  Terran Infantry Armor Level 1, Terran Infantry Weapons Level 1  
  69  6:00  Marine, SCV  
  69  6:03  Supply Depot  
  69  6:04  SCV  
  69  6:06  SCV  
  69  6:09  Bunker  
  69  6:10  Marine x3  
  71  6:13  Marine, SCV  
  71  6:16  SCV  
  71  6:18  Marine, SCV  
  74  6:21  Siege Tank  
  74  6:24  Medivac  
  74  6:25  SCV  
  82  6:26  Supply Depot  
  82  6:27  Marine  
  82  6:28  Marine, Medivac  
  82  6:29  Marine  
  82  6:30  SCV  
  82  6:31  SCV  
  89  6:37  SCV  
  89  6:38  Terran Ship Weapons Level 1  
  90  6:41  Marine  
  90  6:42  Marine  
  90  6:43  SCV x2  
  90  6:45  Marine  
  95  6:47  Barracks  
  95  6:49  SCV, Barracks  
  95  6:50  Refinery  
  95  6:52  Combat Shield  
  95  6:53  Refinery  
  96  6:55  Marine  
  96  7:00  Supply Depot  
  97  7:05  SCV x2  
  97  7:06  Marine x3  
  103  7:11  Missile Turret  
  103  7:12  Missile Turret  
  103  7:13  Missile Turret, Supply Depot, Medivac x2  
  107  7:19  Marine x2, Siege Tank  
  111  7:24  Marine x3  
  114  7:36  Barracks Reactor, Marine  
  114  7:37  Barracks Reactor, Marine  
  114  7:41  Marine x2  
  114  7:42  Marine  
  114  7:43  Medivac  
  121  7:45  Factory  
  121  7:46  Supply Depot  
  121  7:47  Medivac  
  123  7:54  Marine x2  
  125  7:59  Marine, Command Center, Sensor Tower  
  125  8:00  Marine x2  
  125  8:05  Terran Infantry Armor Level 2  
  127  8:11  Concussive Shells  
  127  8:12  Marine x2  
  128  8:13  Terran Infantry Weapons Level 2  
  128  8:14  Marine x2  
  128  8:17  Marine x2  
  128  8:18  Marine x3  
  136  8:22  Supply Depot  
  136  8:24  Supply Depot  
  136  8:29  SCV  
  136  8:30  Marine  
  136  8:31  Factory Tech Lab  
  136  8:33  Siege Tank  
  141  8:43  Marine x4, Marauder  
  141  8:46  Terran Ship Weapons Level 2, SCV x3  
  141  8:48  Marine x2  
  149  8:52  Siege Tank  
  153  8:56  Marine  
  153  8:57  Marine  
  153  8:58  SCV  
  153  9:01  Sensor Tower  
  153  9:02  Supply Depot  
  156  9:03  Supply Depot  
  156  9:04  Supply Depot  
  156  9:06  Supply Depot  
  156  9:12  SCV x3  
  156  9:16  Marine  
  156  9:17  Marine x3, Marauder, Sensor Tower  
  160  9:23  Siege Tank  
  160  9:24  Refinery  
  168  9:26  Refinery, Siege Tank  
  168  9:27  SCV  
  168  9:31  Planetary Fortress  
  172  9:35  Liberator  
  172  9:36  SCV x2  
  172  9:38  Liberator, Marine x2  
  175  9:39  SCV  
  175  9:40  Marine  
  175  9:41  Missile Turret, Marine x2, Marauder  
  182  9:48  SCV  
  186  9:54  Command Center  
  186  9:56  Marine  
  186  9:57  Marine x2  
  192  10:00  Marine x2  
  194  10:14  Barracks x2  
  193  10:16  Marine  
  193  10:17  Marine, Marauder  
  193  10:19  Marine  
  197  10:21  Marine  
  197  10:22  Marine  
  197  10:27  Liberator  
  197  10:36  Marine x2  
  197  10:42  Marine  
  200  10:45  Marine  
  199  10:50  Marine  
  199  10:55  Marine  
  199  10:56  Siege Tank, Marine x2, Marauder  
  185  10:59  Marine x2  
  185  11:02  Marine x2  
  185  11:03  Marine x2  
  162  11:08  Marine  
  163  11:13  Marine x2  
  163  11:14  Marine  
  163  11:17  Marauder  
  169  11:22  SCV x2  
  169  11:23  SCV x2  
  173  11:29  Barracks Tech Lab  
  173  11:30  Barracks Tech Lab  
Show
View Real Time Build Order
Export as new Build Order

Miszu Zerg 

Build Orders: Hatch First 

Get SALT Encoding   

  12  0:00  Drone  
  13  0:12  Overlord  
  13  0:18  Drone  
  14  0:31  Drone x2  
  16  0:38  Drone  
  17  0:53  Hatchery  
  17  0:56  Drone  
  17  1:00  Drone  
  18  1:10  Extractor  
  17  1:15  Spawning Pool  
  17  1:18  Drone  
  17  1:21  Drone  
  18  1:28  Drone  
  19  1:41  Overlord  
  19  1:49  Drone  
  20  2:01  Queen, Drone  
  21  2:05  Queen  
  21  2:06  Zergling x2  
  26  2:11  Zergling x2  
  26  2:13  Metabolic Boost  
  27  2:37  Hatchery  
  27  2:38  Drone x2  
  28  2:48  Overlord  
  28  2:49  Drone x2  
  30  2:55  Pneumatized Carapace  
  30  3:03  Queen  
  32  3:13  Drone x3  
  32  3:16  Drone x2  
  32  3:18  Drone  
  38  3:23  Drone  
  38  3:24  Drone  
  38  3:26  Drone  
  41  3:29  Drone  
  41  3:34  Overlord  
  42  3:39  Baneling Nest  
  41  3:43  Queen  
  43  3:48  Drone  
  43  3:49  Drone x2  
  43  3:55  Overlord  
  46  3:58  Drone x3  
  46  4:01  Drone  
  50  4:10  Drone x2  
  50  4:16  Queen  
  52  4:23  Queen  
  56  4:26  Zergling x8  
  56  4:30  Extractor  
  59  4:31  Extractor  
  59  4:33  Lair  
  59  4:34  Evolution Chamber x2  
  59  4:38  Drone x3  
  59  4:42  Overlord  
  59  4:43  Overlord  
  59  4:57  Drone x2  
  59  4:58  Drone  
  62  5:09  Zerg Ground Armor Level 1, Zerg Melee Weapons Level 1  
  62  5:11  Drone x3  
  62  5:12  Drone  
  62  5:14  Overlord  
  66  5:15  Extractor  
  66  5:17  Drone x3  
  68  5:31  Baneling x6  
  68  5:33  Zergling x16  
  71  5:46  Zergling x8  
  74  5:56  Drone x6  
  72  5:58  Drone  
  71  6:08  Drone  
  72  6:26  Overlord  
  72  6:28  Drone x6  
  72  6:30  Drone  
  79  6:33  Centrifical Hooks  
  79  6:38  Hydralisk Den  
  78  6:49  Overlord  
  78  6:52  Drone x3  
  81  6:57  Drone x2  
  81  6:59  Drone x2  
  81  7:00  Drone x2  
  89  7:01  Drone x7  
  89  7:06  Overlord  
  94  7:13  Hatchery  
  94  7:15  Overlord  
  93  7:16  Drone x3  
  93  7:22  Overlord  
  96  7:23  Zerg Missile Weapons Level 1, Extractor  
  96  7:24  Extractor  
  96  7:26  Zerg Ground Armor Level 2  
  96  7:29  Muscular Augments  
  94  7:30  Hydralisk  
  94  7:33  Baneling x4  
  94  7:34  Zergling x2  
  94  7:35  Zergling x2  
  99  7:37  Zergling x2  
  99  7:38  Zergling x2  
  99  7:40  Zergling x6  
  99  7:41  Zergling x2  
  99  7:43  Zergling x4  
  106  7:45  Baneling  
  106  7:46  Zergling x4, Baneling x3  
  106  7:50  Hydralisk  
  110  7:52  Hydralisk x3  
  110  7:55  Zergling x4  
  110  7:56  Zergling x2  
  120  7:58  Zergling x2  
  120  8:13  Hatchery  
  120  8:18  Hydralisk x3  
  125  8:23  Overlord x2  
  125  8:24  Overlord x2  
  125  8:30  Zergling x8  
  125  8:31  Overlord  
  125  8:32  Overlord x3  
  129  8:39  Infestation Pit  
  129  8:40  Grooved Spines  
  128  8:56  Spore Crawler x3, Drone x3  
  128  8:57  Spore Crawler, Drone  
  128  9:00  Hatchery  
  127  9:06  Drone x3  
  127  9:07  Zergling x16  
  140  9:24  Zergling x16  
  146  9:35  Hive  
  146  9:36  Zergling x6  
  146  9:37  Zergling x6  
  146  9:38  Zergling x2  
  153  9:42  Zergling x6  
  156  9:49  Baneling x5  
  156  9:50  Baneling x11  
  156  9:51  Zergling x4  
  158  9:53  Zergling x4  
  158  9:55  Zergling x4  
  158  9:56  Zergling x2  
  158  9:58  Zergling x4  
  165  10:00  Zergling x4  
  165  10:02  Zergling x2  
  168  10:07  Zergling x4  
  168  10:10  Zergling x2  
  168  10:12  Zergling x2  
  168  10:13  Zergling x2  
  173  10:16  Zergling x12  
  173  10:17  Zergling x2  
  173  10:20  Zergling x2  
  182  10:21  Zergling x2  
  182  10:25  Spore Crawler x2  
  182  10:26  Drone x4  
  184  10:34  Zergling x10  
  183  10:38  Zergling x2  
  183  10:41  Zergling x2  
  180  10:47  Zergling x16  
  136  11:01  Zergling x16  
  136  11:03  Zergling x2  
  122  11:05  Zergling x4  
  122  11:08  Baneling x6  
  122  11:09  Baneling x2  
  122  11:10  Zergling x2  
  125  11:12  Viper x3  
  125  11:15  Zergling x4  
  125  11:16  Zergling x2  
  135  11:18  Zergling x2  
  135  11:21  Zergling x2  
  135  11:25  Zergling x4  
  136  11:31  Drone x2  
Tags
 
Add a new tag
Caveats
  • Supply blocks, unpowered buildings, or Contaminate may cause inaccurate times.
  • Supply counts are checked every 10 seconds.